 Dungeon Crawl Stone Soup version 0.29-a0-82-g837932c90e (console) character file.

Game seed: 8477238004043284454

522 Melian the Skirmisher (level 7, -12/66 HPs)
             Began as a Minotaur Berserker on Feb 4, 2022.
             Was a Priest of Trog.
             Mangled by an ogre (20 damage)
             ... on level 5 of the Dungeon.
             The game lasted 00:14:17 (4423 turns).

Melian the Skirmisher (Minotaur Berserker)          Turns: 4423, Time: 00:14:18

Health: -12/66     AC:  7    Str: 30    XL:     7   Next: 1%
Magic:  6/6        EV: 10    Int:  4    God:    Trog [***...]
Gold:   210        SH:  0    Dex:  9    Spells: 6/6 levels left

rFire   . . .      SeeInvis .   a - +0 hand axe
rCold   . . .      Faith    .   (no shield)
rNeg    . . .      Spirit   .   p - +1 scale mail
rPois   .          Reflect  .   (helmet restricted)
rElec   .          Harm     .   (no cloak)
rCorr   .          Rampage  .   (no gloves)
Will    .....                   (no boots)
Stlth   ..........              (no amulet)
HPRegen 0.21/turn               S - +6 ring of strength
MPRegen 0.10/turn               (no ring)

@: no status effects
A: horns 2, retaliatory headbutt
a: Renounce Religion, Berserk, Trog's Hand


You were on level 5 of the Dungeon.
You worshipped Trog.
Trog was most pleased with you.
You visited 1 branch of the dungeon, and saw 5 of its levels.
You also visited: Sewer.

You collected 223 gold pieces.
You spent 13 gold pieces at shops.


Innate Abilities, Weirdness & Mutations

You have a pair of horns on your head.
You reflexively headbutt those who attack you in melee.


   Skills:
 + Level 7.3 Fighting
 + Level 7.2 Axes
 - Level 2.4 Armour
 - Level 2.1 Dodging


You had 6 spell levels left.
You didn't know any spells.
Your spell library was empty.

Inventory:

Hand Weapons
 a - a +0 hand axe (weapon)
Armour
 p - a +1 scale mail (worn)
Jewellery
 S - a +6 ring of strength (left hand)
Wands
 b - a wand of mindburst (18)
 t - a wand of flame (10)
Scrolls
 d - a scroll of magic mapping
 f - a scroll of blinking {unknown}
 q - a scroll of teleportation {@r2}
Potions
 c - 3 potions of curing {unknown}
 e - 2 potions of mutation {unknown}
 g - a potion of heal wounds {unknown}
 h - 4 potions of flight
 i - 3 potions of might {unknown}
 k - a potion of brilliance {unknown}
 m - 2 potions of haste {unknown}
 o - 3 potions of lignification
 r - a potion of invisibility {unknown}
 s - a potion of attraction {unknown}
 u - 2 potions of degeneration

Dungeon Overview and Level Annotations

Branches:
Dungeon (5/15)              Sewer (visited)
 Temple: D:4-7

Altars:
Ashenzari
Kikubaaqudgha
Ru
Trog

Shops:
D:4 !

Annotations:
D:5 Dowan

......'.... +.......#
...####.... ####...##
..## . ##..## .##
..##...# .# .....
..###.## ## #'..###..#
#.# #..#.#.#.# #.# ###
#....#...###.# ..#
##....#....##)# #.#
##.....#O......#
#.#######......#@...####
#(##...###..........#
#.##.#.........#.####
.......#####.###.#
#.###### #.# #.# #.# #.#
#.# ..# #.. ..# ### ###
###


You could see an ogre.


Message History

HP restored.
You see here 27 stones.
You hit the ogre. Your headbutt misses the ogre.
The ogre is lightly wounded.
You hit the ogre but do no damage.
You headbutt the ogre, but do no damage.
The ogre is lightly wounded.
The ogre closely misses you.
You barely miss the ogre.
The ogre is lightly wounded.
The ogre hits you with a +0 giant spiked club.
You hit the ogre but do no damage.
The ogre is lightly wounded.
The ogre hits you with a +0 giant spiked club!!
* * * LOW HITPOINT WARNING * * *
You hit the ogre. You headbutt the ogre.
The ogre is heavily wounded.
You barely miss the ogre. Your headbutt misses the ogre.
The ogre is heavily wounded.
The ogre misses you.
You hit the ogre but do no damage. You headbutt the ogre.
The ogre is heavily wounded.
The ogre hits you with a +0 giant spiked club!!
* * * LOW HITPOINT WARNING * * *
You hit the ogre.
The ogre is severely wounded.
You slash the ogre!
The ogre is almost dead.
The ogre hits you with a +0 giant spiked club!!
You die...

Skill      XL: |  1  2  3  4  5  6 |
---------------+-------------------+-----
Fighting       | 4 5 6 7 |  7.3
Axes           | 4 5 6 7 |  7.2
Armour         | |  2.4
Dodging        | |  2.1

Action                   |  1- 3 |  4- 6 |  7- 9 || total
-------------------------+-------+-------+-------++-------
Melee: Hand axe          |    75 |   187 |    12 ||   274
       Headbutt          |    12 |    21 |     3 ||    36
       Punch             |     1 |     2 |       ||     3
Invok: Berserk           |     1 |     4 |       ||     5
       Trog's Hand       |       |     1 |       ||     1
  Use: Scroll            |       |     7 |     1 ||     8
Armor: Animal skin       |    17 |       |       ||    17
       Scale mail        |       |    45 |     1 ||    46
       Leather armour    |       |     6 |       ||     6
Dodge: Dodged            |    40 |    77 |     2 ||   119

Levels and vault maps discovered:
D:1:      dpeg_arrival_caged_fury, layout_basic,
          ebering_ecumenical_altar_petrified, chequers_hall_statues_corner_a
D:2:      layout_rooms, uniq_jessica
D:3:      layout_loops_ring, mainiacjoe_overflow_big_doors,
          portal_sewer_entry_d, minmay_misc_feat_rows
D:4:      layout_loops_cross, mainiacjoe_overflow_brackets,
          mainiacjoe_overflow_alcove_1, serial_shops, shop_fountains,
          uniq_natasha
D:5:      layout_loops_corners, lemuel_temple_firewalk_a, serial_shops,
          nicolae_square_shop, shop_statue, nicolae_shop_advertising_works
          [nicolae_subvault_shop_adworks], nicolae_square_shop, uniq_ijyb,
          uniq_duvessa

Notes
Turn   | Place    | Note
-------+----------+-------------------------------------------
     0 | D:1      | Melian the Minotaur Berserker began the quest for the Orb.
     0 | D:1      | Reached XP level 1. HP: 19/19 MP: 0/0
     1 | D:1      | Found a runed translucent door.
   325 | D:1      | Reached skill level 4 in Fighting
   325 | D:1      | Reached skill level 4 in Axes
   331 | D:1      | Reached XP level 2. HP: 27/27 MP: 1/1
   352 | D:1      | Found a faded altar of an unknown god.
   811 | D:1      | Reached XP level 3. HP: 34/34 MP: 2/2
  1077 | D:2      | Reached ** piety under Trog
  1078 | D:2      | Reached skill level 5 in Fighting
  1078 | D:2      | Reached XP level 4. HP: 30/42 MP: 3/3
  1224 | D:2      | Reached skill level 5 in Axes
  1399 | D:2      | Noticed Jessica
  1405 | D:2      | Killed Jessica
  1554 | D:2      | You fall into a shaft and drop 1 floor!
  1879 | D:3      | Noticed a scorpion
  1893 | D:3      | Killed a scorpion
  1894 | D:3      | Reached XP level 5. HP: 47/50 MP: 4/4
  1923 | D:3      | Found a glowing drain.
  1932 | Sewer    | Entered a sewer
  1953 | Sewer    | Reached skill level 6 in Fighting
  1953 | Sewer    | Reached skill level 6 in Axes
  2268 | Sewer    | Reached XP level 6. HP: 37/57 MP: 5/5
  2568 | Sewer    | Reached *** piety under Trog
  3048 | D:3      | Found a bloodstained altar of Trog.
  3326 | D:3      | Found a broken altar of Ashenzari.
  3544 | D:4      | Found Ame Hote's Distillery.
  3552 | D:4      | Bought a potion of degeneration for 13 gold pieces
  3560 | D:4      | Found a sacrificial altar of Ru.
  3610 | D:4      | Found an ancient bone altar of Kikubaaqudgha.
  3818 | D:4      | Noticed Natasha
  3828 | D:4      | Killed Natasha
  4083 | D:5      | Entered Level 5 of the Dungeon
  4142 | D:5      | Reached skill level 7 in Fighting
  4142 | D:5      | Reached skill level 7 in Axes
  4142 | D:5      | Reached XP level 7. HP: 33/66 MP: 6/6
  4142 | D:5      | Noticed Dowan
  4423 | D:5      | Mangled by an ogre

Vanquished Creatures
  An ogre (D:5)
  A scorpion (D:3)
  A hound (D:2)
  Jessica (D:2)
  An iguana (D:5)
  Natasha (D:4)
  A merfolk siren (Sewer)
  A merfolk avatar (Sewer)
  8 adders
  3 river rats (Sewer)
  5 worms
  A dart slug (D:4)
  3 orcs (D:3)
  6 ball pythons
  14 endoplasms
  9 giant cockroaches
  3 hobgoblins
  2 jackals (D:1)
  4 quokkas
  5 bats
  7 frilled lizards
  5 goblins
  4 kobolds
  32 rats
119 creatures vanquished.

Table legend: (Time is in decaauts)
 A = Elapsed time spent in this place.
 B = Non-inter-level travel time spent in this place.
 C = Inter-level travel time spent in this place.
 D = Time resting spent in this place.
 E = Time spent auto-exploring this place.
 F = Levels seen in this place.
 G = Mean time per level.
                   A        B        C        D        E       F      G
               +--------+--------+--------+--------+--------+-----+--------+
         Total |   4512 |   4377 |    135 |    656 |   2743 |   6 |  752.0 |
       Dungeon |   3770 |   3635 |    135 |    378 |   2522 |   5 |  754.0 |
         Sewer |    742 |    742 |      0 |    278 |    221 |   1 |  742.0 |
               +--------+--------+--------+--------+--------+-----+--------+

Top non-repeatable levels by time:
     D:1: 1137 daAuts
     D:3: 896 daAuts
   Sewer: 742 daAuts
     D:4: 713 daAuts
     D:2: 685 daAuts
     D:5: 338 daAuts

Table legend:
 A = Non-vault XP
 B = Vault XP
 C = Vault XP percentage of total XP
 D = Non-vault monster count
 E = Vault monster count
 F = Vault count percentage of total count
                 A         B        C        D         E       F
            +---------+---------+-------+---------+---------+-------
      Total |     463 |     283 |  37.9 |      57 |      62 |  52.1
            +---------+---------+-------+---------+---------+-------
        D:1 |      23 |      34 |  59.6 |      15 |      15 |  50.0
        D:2 |      74 |      37 |  33.3 |      11 |       1 |   8.3
        D:3 |     128 |      13 |   9.2 |      16 |       1 |   5.9
        D:4 |      59 |      35 |  37.2 |      12 |       1 |   7.7
        D:5 |     179 |       0 |   0.0 |       3 |       0 |   0.0
      Sewer |       0 |     164 | 100.0 |       0 |      44 | 100.0
            +---------+---------+-------+---------+---------+-------
